 Dungeon Crawl Stone Soup version 0.19-a0-1019-g9c6a58d (webtiles) character file.

10 Selbstmordattentater the Grave Robber (level 2, 0/19 HPs)
             Began as a Mummy Necromancer on July 26, 2016.
             Slain by a jackal (2 damage)
             ... on level 1 of the Dungeon.
             The game lasted 00:04:39 (300 turns).

Selbstmordattentater the Grave Robber (MuNe)         Turns: 300, Time: 00:04:40

Health: 0/19       AC:  2    Str: 11    XL:     2   Next: 10%
Magic:  0/5        EV: 12    Int: 14    God:
Gold:   40         SH:  0    Dex: 12    Spells: 2 memorised, 3 levels left

rFire  x . .     SeeInvis .     (no weapon)
rCold  + . .     Gourm    .     a - +0 robe
rNeg   + + +     Faith    .     (no shield)
rPois  ∞         Spirit   .     (no helmet)
rElec  .         Dismiss  .     (no cloak)
rCorr  .         Reflect  .     (no gloves)
SustAt .         Harm     .     (no boots)
MR     .....                    (no amulet)
Stlth  +.........               (no ring)
                                (no ring)

@: not resistant to hostile enchantments, very unstealthy
A: no food or potions, fire vulnerability, cold resistance 1, negative energy
resistance 3, torment resistance, unbreathing
a: no special abilities


You were on level 1 of the Dungeon.
You were not hungry.

You visited 1 branch of the dungeon, and saw 1 of its levels.

You collected 40 gold pieces.

Inventory:

Armour
 a - a +0 robe (worn)
Scrolls
 c - a scroll of blinking {unknown}
 d - a scroll of enchant armour {unknown}
Books
 b - a book of Necromancy

   Spells                             Type                      Level
   a - Pain                           Necromancy                   1
   b - Animate Skeleton               Necromancy                   1
   c - Vampiric Draining              Necromancy                   3
   d - Regeneration                   Charms/Necromancy            3
   e - Animate Dead                   Necromancy                   4
   f - Control Undead                 Necromancy                   4


   Skills:
 - Level 1.5 Dodging
 - Level 1.5 Stealth
 - Level 2.0 Spellcasting
 + Level 4.5 Necromancy


You had 3 spell levels left.
You knew the following spells:

 Your Spells              Type           Power        Failure   Level  Hunger
a - Pain                  Necr           ##..         3%          1    N/A
b - Animate Skeleton      Necr           N/A          3%          1    N/A

Dungeon Overview and Level Annotations

Branches:
Dungeon (1/15)

Altars:


Innate Abilities, Weirdness & Mutations

You do not eat or drink.
Your flesh is vulnerable to fire.
You are immune to poison.
Your flesh is cold resistant. (rC+)
You are immune to negative energy. (rN+++)
You are immune to unholy pain and torment.
You can survive without breathing.


Message History

The jackal misses you.
The giant newt hisses menacingly.
The giant newt closely misses you. The jackal bites you.
The jackal completely misses you. The giant newt closely misses you.
The jackal closely misses you. The giant newt bites you.
* * * LOW HITPOINT WARNING * * *
The jackal closely misses you.
You closely miss the giant newt.
The jackal bites you but does no damage.
The giant newt closely misses you.
Your unstable footing causes you to fumble your attack.
The jackal closely misses you. The giant newt bites you.
* * * LOW HITPOINT WARNING * * *
The jackal splashes around in the water.
You closely miss the giant newt. The giant newt bites you.
* * * LOW HITPOINT WARNING * * *
The jackal closely misses you.
You barely miss the giant newt. The jackal bites you.
You die...

≈≈≈♣≈≈≈≈≈≈≈≈≈≈≈≈≈≈≈≈≈≈≈P≈≈♣≈#
≈≈≈≈≈≈P≈≈≈≈≈≈≈≈≈≈≈≈≈≈≈≈≈♣≈≈♣#
≈≈≈P≈♣≈≈≈≈≈≈≈≈≈≈≈≈≈≈P≈P≈≈≈≈≈#
♣≈≈P≈≈P≈≈≈≈≈≈≈≈≈≈≈≈≈≈≈P≈≈≈##
♣≈PPP≈≈≈≈≈≈≈≈≈≈≈≈P≈≈≈≈♣♣##
♣≈≈P≈≈≈♣≈≈≈≈≈≈≈≈P≈≈≈♣≈#
♣♣♣PP♣≈≈≈≈≈≈≈≈≈♣P≈♣≈♣###
#..≈≈≈≈≈≈♣≈♣h♣≈≈P♣≈≈#
#####....##♣♣♣Pl@♣♣♣#####
......>### #####
############## .............#
############.# ###8<8#### #.#
.........# #.# .........# #.#
.........###.##


You could see a jackal and a giant newt.

Vanquished Creatures
  A giant gecko (D:1)
  4 bats (D:1)
  A hobgoblin (D:1)
  2 kobolds (D:1)
  A rat (D:1)
9 creatures vanquished.

Notes
Turn   | Place    | Note
-------+----------+-------------------------------------------
     0 | D:1      | Selbstmordattentater the Mummy Necromancer began the quest for the Orb.
     0 | D:1      | Reached XP level 1. HP: 13/13 MP: 3/3
   106 | D:1      | Learned a level 1 spell: Animate Skeleton
   262 | D:1      | Reached XP level 2. HP: 19/19 MP: 0/5
   300 | D:1      | Slain by a jackal

Vault maps used:
D:1:      mrwooster_arrival_statue, serial_bayou, serial_bayou_lake_a,
          serial_bayou_pond_a, serial_bayou_lagoon_a, serial_bayou_pond_c,
          minmay_misc_feat_pillars, minmay_misc_feat_four_crosses

Action                   || total
-------------------------++-------
Melee: Unarmed           ||     9
 Cast: Pain              ||    15
       Animate Skeleton  ||     1
Armor: Robe              ||     5
Dodge: Dodged            ||    34
